[Event "Late-Titled-Tuesday-Blitz-February-06-2024"]
[Site "Chess.com"]
[Date "2024.02.06"]
[Round "10"]
[White "Escanor89"]
[Black "alphienothere"]
[Result "0-1"]
[WhiteElo "2511"]
[BlackElo "2301"]
[TimeControl "180+1"]
[EndTime "15:54:59 PST"]
[Termination "alphienothere won on time"]

1. e4 c6 2. d4 d5 3. Nd2 dxe4 4.
Nxe4 Bf5 5. Ng3 Bg6 6. h4 h5 7.
Nh3 Nf6 8. Nf4 Bh7 9. Bc4 e5 10.
Nfxh5 Qxd4 11. Nxf6+ gxf6 12. Qxd4 exd4 13. Bb3 Nd7 14.
Bd2 O-O-O 15. O-O-O Ne5 16. f4 Ng4 17. Rhf1 Rd7 18. f5 Bd6 19. Ne4 Be5 20. Bf4 Bxf5 21. Nc5 Rxh4 22. Nxd7 Bxd7 23. Bxf7 Ne3 24. Bxe3 dxe3 25.
Rde1 Bf4 26. Kb1 Kc7 27. g3 Bxg3 28. Rxe3 Be5 29. Ree1 a5 30. a3 b5 31. Bg6 Be6 32. Bf5 Bd5 33. Bd3 a4 34. Rd1 b4 35. axb4 Rxb4 36.
c3 Bxc3 37. Rf2 Be5 38. Kc1 Bf4+ 39. Kb1 a3 0-1

[Event "Late-Titled-Tuesday-Blitz-February-06-2024"]
[Site "Chess.com"]
[Date "2024.02.06"]
[Round "10"]
[White "matagordo"]
[Black "masterofpuppets2"]
[Result "1-0"]
[WhiteElo "2249"]
[BlackElo "2466"]
[TimeControl "180+1"]
[EndTime "15:55:00 PST"]
[Termination "matagordo won on time"]

1. d4 d5 2. Bf4 e6 3. e3 c5 4. Nf3 Bd6 5. Ne5 Qc7 6. Nd2 Nd7 7. Ndf3 Nxe5 8. dxe5 Be7 9. c4 Qa5+ 10.
Qd2 Qxd2+ 11. Kxd2 Bd7 12. cxd5 exd5 13. Rd1 O-O-O 14.
Kc1 Be6 15. h3 h6 16. Be2 g5 17. Bh2 Bf8 18. Kb1 Ne7 19. Rc1 Nc6 20. Rhd1 Kb8 21. a3 Be7 22. Ka1 a6 23. Nd2 b5 24. Nb3 c4 25. Nd4 Kb7 26. Nxe6 fxe6 27. Bg4 b4 28. Bxe6 bxa3 29. bxa3 Bxa3 30. Rb1+ Nb4 31.
Bxd5+ Ka7 32. Bxc4 Nc2+ 33. Ka2 Bc5 34. Rxd8 Rxd8 35. Rc1 Rd2 36. Kb3 Nb4 37. e6 Rxf2 38. Bxa6 Be7 39. Bc4 Bc5 40. Bc7 Kb7 41. Bd8 1-0

[Event "Late-Titled-Tuesday-Blitz-February-06-2024"]
[Site "Chess.com"]
[Date "2024.02.06"]
[Round "10"]
[White "Ticondriul"]
[Black "Fandorine"]
[Result "0-1"]
[WhiteElo "2742"]
[BlackElo "2936"]
[TimeControl "180+1"]
[EndTime "15:55:02 PST"]
[Termination "Fandorine won on time"]

1. d4 Nf6 2. Nf3 d5 3. e3 c6 4.
Bd3 Bg4 5. h3 Bh5 6. O-O Nbd7 7.
c4 e6 8. b3 Ne4 9. Bb2 f5 10.
Nbd2 Bd6 11. Qc2 O-O 12. Ne5 Nxe5 13. dxe5 Bb4 14. Nxe4 fxe4 15. Be2 Bxe2 16. Qxe2 Qg5 17. cxd5 exd5 18. Qg4 Qf5 19. Qxf5 Rxf5 20. f4 exf3 21. gxf3 Raf8 22. Kg2 Kf7 23. f4 Ke6 24. Rf3 g5 25.
Raf1 Be7 26. Bc1 a6 27. R1f2 R8f7 28. Kf1 Bc5 29. Ke2 gxf4 30. Rxf4 Kxe5 31. Bb2+ Ke6 32.
Rxf5 Rxf5 33. Rg2 Rh5 34. Rg3 Bd6 35. Rf3 Rf5 36. Rxf5 Kxf5 37. Kf3 b5 38. Bc3 h5 39.
Be1 c5 40. Bc3 c4 41. bxc4 dxc4 42. e4+ Ke6 43. Ke3 Bc5+ 44. Kf4 b4 45. Bd2 a5 0-1

[Event "Late-Titled-Tuesday-Blitz-February-06-2024"]
[Site "Chess.com"]
[Date "2024.02.06"]
[Round "10"]
[White "ansko1999"]
[Black "K_A_S_T_O_R"]
[Result "0-1"]
[WhiteElo "2689"]
[BlackElo "2874"]
[TimeControl "180+1"]
[EndTime "15:55:04 PST"]
[Termination "K_A_S_T_O_R won by checkmate"]

1. Nf3 c5 2. e4 d6 3. Bb5+ Nc6 4. O-O Bd7 5. Re1 Nf6 6. c3 a6 7. Bc4 Bg4 8. d4 e6 9. d5 Bxf3 10. gxf3 Ne5 11. Bf1 exd5 12. f4 Ng6 13. e5 dxe5 14.
fxe5 Ne4 15. c4 Qh4 16. Qe2 Nxe5 17. cxd5 f5 18. Nc3 O-O-O 19. Nxe4 fxe4 20. Qxe4 Qxe4 21. Rxe4 Bd6 22. Bh3+ Kc7 23. Kg2 Nd3 24. Bg5 Rdf8 25. Re2 h6 26. Be3 Rf6 27. Rd1 c4 28. b3 Nf4+ 29.
Bxf4 Rxf4 30. bxc4 Rxc4 31. Rdd2 b5 32. Rc2 Kb6 33.
Be6 Rf8 34. Rcd2 Kc5 35. h3 Rc3 36. Rc2 b4 37. Rcd2 a5 38. Bg4 g6 39. Re6 h5 40.
Bd1 Bf4 41. Rde2 g5 42. Bb3 g4 43. hxg4 h4 44. Rc6+ Kd4 45. Rxc3 bxc3 46. Kh3 Bg5 47. Rc2 Rf3+ 48. Kg2 Rd3 49. d6 h3+ 50. Kh2 Bf4+ 51. Kg1 Rd1# 0-1

[Event "Late-Titled-Tuesday-Blitz-February-06-2024"]
[Site "Chess.com"]
[Date "2024.02.06"]
[Round "10"]
[White "Baronessa08"]
[Black "dedpihto_v_kozhanom_palto"]
[Result "0-1"]
[WhiteElo "2539"]
[BlackElo "2708"]
[TimeControl "180+1"]
[EndTime "15:55:04 PST"]
[Termination "dedpihto_v_kozhanom_palto won on time"]

1. Nf3 g6 2. g3 Bg7 3. Bg2 Nf6 4. c4 O-O 5. d4 d6 6. O-O Nc6 7. Nc3 Bg4 8. b3 Bxf3 9. Bxf3 Nd7 10. e3 e5 11. Ne2 Qf6 12. Bxc6 bxc6 13. Bb2 Qf3 14. Nc3 Qxd1 15. Rfxd1 Rab8 16. dxe5 Nxe5 17. Kg2 Nxc4 18. bxc4 Rxb2 19. Rdc1 Rfb8 20. h4 h5 21. Kf3 Kf8 22. Ne4 R2b7 23. Nc3 Rb4 24. a3 Rxc4 25.
Ne2 Rxc1 26. Rxc1 c5 27. Nf4 c6 28. g4 hxg4+ 29. Kxg4 Ke7 30. h5 gxh5+ 31. Nxh5 Bh8 32. Ng3 Ke6 33. f4 f5+ 34. Kf3 Rb3 35. Rh1 Bf6 36.
Rh6 Rb8 37. Nh5 Rf8 38. Ng7+ Kd7 39. Nxf5 Rf7 40. e4 c4 41. Ke2 d5 42. Ng3 Be7 43.
f5 Bd6 44. Nh5 d4 45. f6 d3+ 46. Kd2 Bxa3 47. Rg6 Bb4+ 48. Ke3 Bc5+ 49. Kf3 c3 50. Rg7 Ke6 0-1

[Event "Late-Titled-Tuesday-Blitz-February-06-2024"]
[Site "Chess.com"]
[Date "2024.02.06"]
[Round "10"]
[White "lucliasco"]
[Black "Mikhail_Golubev"]
[Result "1/2-1/2"]
[WhiteElo "2878"]
[BlackElo "2690"]
[TimeControl "180+1"]
[EndTime "15:55:05 PST"]
[Termination "Game drawn - insufficient material"]

1. e4 c5 2. Nc3 Nc6 3. Bb5 Nd4 4. Nf3 e6 5. Bd3 Nc6 6. O-O g6 7. Re1 Bg7 8. e5 d5 9. exd6 Qxd6 10. b3 Nf6 11. Bb2 O-O 12. Ne4 Nxe4 13. Bxg7 Kxg7 14. Bxe4 Bd7 15. Qc1 Rad8 16. Qb2+ f6 17. d3 e5 18.
c3 b6 19. h3 Rfe8 20. Rad1 Kg8 21. a3 f5 22. Bxc6 Bxc6 23. Qe2 Bxf3 24. Qxf3 Qd5 25.
Qxd5+ Rxd5 26. f4 Kf7 27. fxe5 Rdxe5 28. Rxe5 Rxe5 29. Kf2 Kf6 30. g3 g5 31. b4 h5 32.
d4 Rd5 33. Ke3 cxd4+ 34. Rxd4 Re5+ 35. Kf2 Re7 36. c4 Ke5 37. Ke3 Rc7 38. Rd5+ Ke6 39.
Rd4 Ke5 40. h4 gxh4 41. Rxh4 Rg7 42. Kf3 Rd7 43. Ke3 Rg7 44. Kf2 Rh7 45. a4 Rc7 46. Ke3 Rg7 47. Kf3 Rc7 48. a5 bxa5 49. bxa5 Rc5 50.
a6 Ra5 51. Rxh5 Ra3+ 52. Kf2 Rxa6 53. g4 Kd4 54. Rxf5 Kxc4 55. Kg3 Kb4 56. g5 Rg6 57. Kg4 a5 58. Rf4+ Kb3 59. Rf3+ Kb4 60. Rf6 Rg8 61. Rb6+ Kc3 62. Ra6 Kb4 63. g6 a4 64. Kf5 a3 65.
Rb6+ Kc3 66. Ra6 Kb3 67. Rb6+ Kc3 68. Ra6 Kb3 69. Kf6 Rxg6+ 70. Kxg6 a2 71. Kf5 Kb2 72. Rb6+ Kc2 73. Rc6+ Kb2 74. Rb6+ Kc2 75. Ra6 Kb2 76. Ke4 a1=Q 77. Rxa1 Kxa1 1/2-1/2

[Event "Late-Titled-Tuesday-Blitz-February-06-2024"]
[Site "Chess.com"]
[Date "2024.02.06"]
[Round "10"]
[White "wild3000"]
[Black "cande_francisco"]
[Result "1-0"]
[WhiteElo "2371"]
[BlackElo "2515"]
[TimeControl "180+1"]
[EndTime "15:55:05 PST"]
[Termination "wild3000 won by checkmate"]

1. a3 Nf6 2. e3 c5 3. Nf3 g6 4. d4 cxd4 5. exd4 Bg7 6. Bd3 O-O 7. O-O b6 8. Re1 Bb7 9. c4 d5 10. c5 Nc6 11. cxb6 axb6 12. Nc3 e6 13. Bg5 h6 14. Bf4 Nh5 15. Be3 Qb8 16. Qd2 Kh7 17. Nb5 Na5 18. Qb4 Nf4 19. Bf1 Nc4 20. b3 Nxe3 21. fxe3 Nh5 22.
a4 Rc8 23. Rac1 Bf8 24. Qd2 Nf6 25. Bd3 Nd7 26. Rf1 f5 27. g4 Nf6 28. gxf5 gxf5 29. Ne5 Be7 30. Qf2 Ba6 31. Bxf5+ exf5 32. Qxf5+ Kh8 33. Ng6+ Kg7 34. Nxe7 Rf8 35. Qg6+ Kh8 36.
Qxh6+ Nh7 37. Ng6+ Kg8 38. Rxf8+ Nxf8 39. Rc7 Qxc7 40.
Nxc7 Rc8 41. Nxf8 Rxc7 42. Ne6 Rg7+ 43. Qxg7# 1-0

[Event "Late-Titled-Tuesday-Blitz-February-06-2024"]
[Site "Chess.com"]
[Date "2024.02.06"]
[Round "10"]
[White "Ready4abattle"]
[Black "PawnEatingZombie"]
[Result "0-1"]
[WhiteElo "2302"]
[BlackElo "2210"]
[TimeControl "180+1"]
[EndTime "15:55:05 PST"]
[Termination "PawnEatingZombie won on time"]

1. e4 d6 2. d4 Nf6 3. Nc3 e5 4.
Nf3 Nbd7 5. Bc4 Be7 6. O-O O-O 7. a4 a5 8. Ba2 c6 9. Re1 h6 10. Nh4 Re8 11. Nf5 Bf8 12. dxe5 dxe5 13. Qf3 Nc5 14.
Be3 Bxf5 15. Qxf5 Qc8 16. Qf3 Qg4 17. Qxg4 Nxg4 18. Bd2 Ne6 19. f3 Bc5+ 20. Kf1 Nf6 21. Bxe6 Rxe6 22. Be3 Bxe3 23. Rxe3 Rd6 24. Rd1 Rad8 25.
Rxd6 Rxd6 26. Ke2 Nd7 27. Rd3 Rxd3 28. Kxd3 Kf8 29. Kc4 Ke7 30. Nd1 Kd6 31. b3 Nf8 32. Ne3 g6 33. Kd3 b5 34. g3 Ne6 35. axb5 cxb5 36.
Nd5 f5 37. Nc3 Kc5 38. exf5 gxf5 39. Ne2 a4 40. bxa4 bxa4 41. Kc3 Nd4 42. Nc1 Nxf3 43. Nd3+ Kd5 44. Kb4 Nxh2 45. c4+ Kd4 46. c5 Ng4 47. c6 Nf6 48. Nf2 Nd5+ 49. Kb5 e4 50. Kxa4 e3 0-1

[Event "Late-Titled-Tuesday-Blitz-February-06-2024"]
[Site "Chess.com"]
[Date "2024.02.06"]
[Round "10"]
[White "platy3"]
[Black "iwanyu"]
[Result "0-1"]
[WhiteElo "2932"]
[BlackElo "2856"]
[TimeControl "180+1"]
[EndTime "15:55:06 PST"]
[Termination "iwanyu won by resignation"]

1. e4 c5 2. Nf3 a6 3. g3 Nc6 4.
Bg2 e5 5. O-O g6 6. c3 Bg7 7. d4 cxd4 8. cxd4 exd4 9. Bf4 d6 10.
Nbd2 Nge7 11. Nc4 O-O 12. Nxd6 Be6 13. Ng5 Qd7 14. Nxe6 fxe6 15. Nc4 Rxf4 16. gxf4 Rf8 17. Qg4 Bh6 18. Nb6 Qd6 19. Nc4 Qxf4 20. Qxe6+ Kg7 21. e5 Nf5 22. Qd7+ Rf7 23. Qd5 Nh4 24. Rae1 Qg5 25.
f4 Qg4 26. e6 Rf5 27. Qe4 Bxf4 28. e7 Nxe7 29. Qxe7+ Kh6 30. Qxb7 Rg5 31. Rf2 Be3 32. Nxe3 dxe3 33. Rxe3 Qd1+ 34. Rf1 Qd4 35. Qe7 Nxg2 36. Qf8+ Kh5 37. Qf3+ Rg4 38. h3 Nxe3+ 39. hxg4+ Nxg4+ 40.
Kg2 Qd2+ 41. Rf2 Qxf2+ 42. Qxf2 Nxf2 43. Kxf2 Kg5 44. b4 Kf5 45. a4 Ke5 46. Ke3 Kd5 47.
Kd3 g5 0-1

[Event "Late-Titled-Tuesday-Blitz-February-06-2024"]
[Site "Chess.com"]
[Date "2024.02.06"]
[Round "10"]
[White "babero_gordo"]
[Black "BelaKis"]
[Result "1-0"]
[WhiteElo "2120"]
[BlackElo "2223"]
[TimeControl "180+1"]
[EndTime "15:55:06 PST"]
[Termination "babero_gordo won on time"]

1. e4 g6 2. f4 Bg7 3. Nf3 c6 4. Nc3 d5 5. exd5 cxd5 6. d4 Nf6 7. Ne5 O-O 8. Be2 Nc6 9. O-O Bf5 10. h3 Ne4 11.
Nxe4 Bxe4 12. Bf3 Bxf3 13. Rxf3 Qb6 14. Nxc6 bxc6 15. c3 a5 16. Qe2 e6 17. g4 a4 18. Be3 Qa6 19. Qd2 Rab8 20. f5 exf5 21. gxf5 Rfe8 22. f6 Bh8 23. Qf2 Re6 24. Rf1 Rbe8 25.
h4 Qd3 26. Re1 Re4 27. h5 Rg4+ 28. Kh2 Ree4 29. hxg6 hxg6 30. Rh3 Re6 31. Qf3 Qe4 32. Bf2 Qxf3 33. Rxf3 Bxf6 34. Rxe6 fxe6 35. Rxf6 Re4 36. Rxg6+ Kf7 37. Rg2 Kf6 38. Bg3 Kf5 39. Be5 Re3 40.
Rf2+ Ke4 41. Rf6 Re2+ 42. Kg3 Rxb2 43. Rxe6 Rxa2 44. Rxc6 Rc2 45. Bd6 Kd3 46. Bb4 a3 47.
Bxa3 Rxc3 48. Rxc3+ Kxc3 49. Bc5 Kd3 50. Kf4 1-0

[Event "Late-Titled-Tuesday-Blitz-February-06-2024"]
[Site "Chess.com"]
[Date "2024.02.06"]
[Round "10"]
[White "Akhayan"]
[Black "trriinu"]
[Result "1/2-1/2"]
[WhiteElo "2381"]
[BlackElo "2247"]
[TimeControl "180+1"]
[EndTime "15:55:07 PST"]
[Termination "Game drawn by repetition"]

1. e4 d5 2. exd5 Qxd5 3. Nc3 Qd6 4. d4 Nf6 5. Nf3 Nc6 6. g3 Bg4 7. Bg2 e6 8. O-O O-O-O 9. Bf4 Qd7 10. Nb5 Nd5 11. Bg5 f6 12. Bd2 a6 13. Nc3 Nxd4 14. h3 Nxc3 15. Bxc3 Nxf3+ 16. Bxf3 Qxd1 17. Bxd1 Bxh3 18. Re1 e5 19. Bf3 Bf5 20. Rac1 Bc5 21. Kg2 Bd4 22. Bxd4 Rxd4 23. Re2 Rhd8 24. Rce1 Rd2 25.
c3 c5 26. g4 Bg6 27. a3 b5 28. a4 Rxe2 29. Rxe2 Kc7 30. a5 Rd3 31. Ba8 Rd1 32. Bf3 Ra1 33. g5 Rxa5 34. gxf6 gxf6 35. Rd2 Ra1 36. Bg4 f5 37. Bf3 e4 38. Be2 Re1 39. Bf1 Rc1 40. Rd5 Kc6 41. Re5 a5 42. Re6+ Kd7 43. Ra6 b4 44. Bb5+ Kc7 45. c4 Ra1 46.
Ra7+ Kd6 47. Ra6+ Ke5 48. Bd7 f4 49. Re6+ Kd4 50. Rd6+ Kxc4 51. Be6+ Kb5 52. Bd7+ Kc4 53. Be6+ Kb5 54. Bd7+ Kc4 1/2-1/2

[Event "Late-Titled-Tuesday-Blitz-February-06-2024"]
[Site "Chess.com"]
[Date "2024.02.06"]
[Round "10"]
[White "alexrustemov"]
[Black "Fh2411"]
[Result "1/2-1/2"]
[WhiteElo "2781"]
[BlackElo "2614"]
[TimeControl "180+1"]
[EndTime "15:55:12 PST"]
[Termination "Game drawn by repetition"]

1. d4 d5 2. c4 c6 3. Nc3 Nf6 4. e3 a6 5. Qc2 b5 6. b3 Bg4 7.
Bd3 e6 8. Bb2 Bh5 9. Nf3 Nbd7 10. c5 Bg6 11. b4 a5 12. a3 Be7 13. O-O O-O 14. Bxg6 hxg6 15. Ne1 Qc7 16. Nd3 Rfe8 17. h3 Ne4 18. Ne2 f5 19. g3 g5 20. Kg2 a4 21.
f3 Nef6 22. Ne5 Nxe5 23. dxe5 Nd7 24. f4 g6 25. Nd4 Kf7 26. g4 gxf4 27. exf4 Nf8 28.
Rh1 Bh4 29. Nf3 Be7 30. Qf2 Nd7 31. Qg3 Rh8 32. Rag1 Rag8 33. h4 fxg4 34. Qxg4 Rh5 35. Nd4 Nf8 36. Rh3 Rgh8 37. Rgh1 Qd7 38. Bc3 Ke8 39.
Be1 Kd8 40. Bg3 Kc7 41. Kf3 Qc8 42. Ke2 Kd7 43. Kd3 Qe8 44. Bf2 Qf7 45. Be3 Qh7 46. Kd2 Qf7 47. Bf2 R8h7 48. Be3 Qg7 49. R1h2 Qh8 50.
Bf2 Qg7 51. Be3 Qf7 52. Bf2 Qg7 53. Be3 1/2-1/2

[Event "Late-Titled-Tuesday-Blitz-February-06-2024"]
[Site "Chess.com"]
[Date "2024.02.06"]
[Round "10"]
[White "Felix-Rose"]
[Black "Quaide7"]
[Result "1-0"]
[WhiteElo "2385"]
[BlackElo "2199"]
[TimeControl "180+1"]
[EndTime "15:55:12 PST"]
[Termination "Felix-Rose won by checkmate"]

1. Nf3 d5 2. e3 c6 3. c4 Bg4 4. Nc3 e6 5. Qb3 Qb6 6. Ne5 Bf5 7. Qd1 f6 8. g4 fxe5 9. gxf5 exf5 10.
cxd5 Nf6 11. dxc6 Nxc6 12. Bg2 Be7 13. Nd5 Nxd5 14. Bxd5 Rd8 15. Qb3 Rxd5 16. Qxd5 Nb4 17.
Qc4 Qg6 18. Qb5+ Kf8 19. Kd1 Qg2 20. Re1 Kf7 21. a3 Qf3+ 22. Qe2 Qxe2+ 23. Rxe2 Nd3 24. f3 e4 25. fxe4 fxe4 26. b4 Bf6 27. Rb1 Rc8 28. b5 Rc5 29. a4 Rg5 30. Ba3 Rg1+ 31. Kc2 Rg5 32. Rf1 Rd5 33. Rg2 Ke6 34. Rg4 Rd7 35.
Rxe4+ Kd5 36. Rg4 Ne5 37. Rd4+ Ke6 38. Rxd7 Kxd7 39. Bb2 Ke6 40. Bxe5 Kxe5 41. d4+ Ke6 42. Kd3 Be7 43. e4 Bd6 44. d5+ Ke5 45. Rf5# 1-0

[Event "Late-Titled-Tuesday-Blitz-February-06-2024"]
[Site "Chess.com"]
[Date "2024.02.06"]
[Round "10"]
[White "VitaliyChayka"]
[Black "HalfIsCrayfish"]
[Result "0-1"]
[WhiteElo "2452"]
[BlackElo "2590"]
[TimeControl "180+1"]
[EndTime "15:55:14 PST"]
[Termination "HalfIsCrayfish won by resignation"]

1. d4 Nf6 2. Bf4 b6 3. e3 Bb7 4. Nf3 g6 5. h3 Bg7 6. Be2 O-O 7. O-O d6 8. a4 a6 9. c3 Nfd7 10. Nbd2 e5 11. Bh2 Nc6 12. Qb3 Qe7 13. Qa3 h6 14. dxe5 Ncxe5 15. Nxe5 Nxe5 16. Bxe5 Qxe5 17. Bf3 d5 18. a5 b5 19. Nb3 Rfd8 20. Nc5 Bf8 21.
b4 Bxc5 22. bxc5 c6 23. Rfd1 Re8 24. Rd4 f5 25. Qb4 Re7 26. Rad1 Rae8 27. Kf1 Kg7 28. Ke2 Rf8 29. Kd2 Bc8 30. Kc1 Qf6 31. Kb2 Rfe8 32. Rg1 Be6 33. g4 fxg4 34. Rf4 Qh4 35. Bxg4 Bxg4 36. Rgxg4 Qh5 37. Qd4+ Qe5 38. Qd3 Re6 39. h4 Rf6 40. Rxf6 Qxf6 41. f4 Re4 42. h5 g5 43. Kb3 Qe6 44. Rg3 d4+ 45. Kc2 dxe3 46. fxg5 e2 47. gxh6+ Kh7 48. Re3 Qa2+ 49. Kc1 Qa1+ 50.
Kd2 e1=Q+ 51. Rxe1 Qxe1+ 52. Kc2 Qe2+ 53. Qxe2 Rxe2+ 54.
Kd3 Re5 0-1

[Event "Late-Titled-Tuesday-Blitz-February-06-2024"]
[Site "Chess.com"]
[Date "2024.02.06"]
[Round "10"]
[White "SocoLoco"]
[Black "emeli_chess"]
[Result "0-1"]
[WhiteElo "2169"]
[BlackElo "2357"]
[TimeControl "180+1"]
[EndTime "15:55:15 PST"]
[Termination "emeli_chess won by resignation"]

1. e4 c5 2. c3 d5 3. exd5 Qxd5 4. d4 Nf6 5. Nf3 Bg4 6. Be2 Nc6 7. O-O e6 8. h3 Bh5 9. Re1 Be7 10. Be3 cxd4 11.
cxd4 O-O 12. Nc3 Qd6 13. a3 Rac8 14. Rc1 Rfd8 15. b4 a6 16. Qb3 Qb8 17. Red1 Nd5 18. Na4 Bf6 19. Nc5 Nce7 20. Ne4 Rxc1 21. Rxc1 Rc8 22.
Rc4 Bg6 23. Nxf6+ Nxf6 24. Ne5 Nfd5 25. Bf3 b5 26. Rc5 Rd8 27. h4 f6 28. Nxg6 hxg6 29.
Qc2 Kf7 30. g3 Nxe3 31. fxe3 Qxg3+ 32. Qg2 Qe1+ 33. Kh2 Qxh4+ 34. Qh3 Qxh3+ 35. Kxh3 Nf5 36. Rc7+ Kg8 37. Rc3 Nd6 38. e4 Nc4 39. d5 exd5 40.
exd5 Kf7 41. Kg3 Ke7 42. Kf4 Kd6 43. a4 Rh8 44. axb5 axb5 45. Be2 Rh4+ 46. Kg3 g5 47. Bf3 Rd4 48. Rc1 Ne5 49. Bg2 Rd3+ 50. Kf2 Rxd5 51. Bxd5 Nd3+ 52. Ke3 Nxc1 53. Kd4 Ne2+ 54. Ke4 Nc3+ 55.
Kf5 Nxd5 0-1

[Event "Late-Titled-Tuesday-Blitz-February-06-2024"]
[Site "Chess.com"]
[Date "2024.02.06"]
[Round "10"]
[White "GeorgiosSouleidis"]
[Black "ritanovikova"]
[Result "1-0"]
[WhiteElo "2664"]
[BlackElo "2248"]
[TimeControl "180+1"]
[EndTime "15:55:16 PST"]
[Termination "GeorgiosSouleidis won by resignation"]

1. e4 d5 2. exd5 Qxd5 3. Nc3 Qd6 4. d4 Nf6 5. Nge2 c6 6. Bf4 Qb4 7. Bc7 Na6 8. a3 Qc4 9. Nf4 Qxc3+ 10. bxc3 Nxc7 11. Bc4 e6 12. O-O Bd6 13. Qf3 O-O 14. Rfe1 Ncd5 15. Nxd5 exd5 16. Bd3 Be6 17. h3 Rfe8 18.
a4 Re7 19. a5 a6 20. Rab1 Rae8 21. Ra1 Bc7 22. Qd1 Bg4 23. Qd2 Be6 24. Qc1 g6 25. Qb2 Bd8 26. Qb3 Kg7 27. Re3 Nh5 28. c4 Nf4 29. Bf1 dxc4 30. Bxc4 Bd5 31. Rxe7 Rxe7 32.
Bxd5 Nxd5 33. c4 Nf4 34. Kf1 Ne6 35. d5 cxd5 36. cxd5 Nf4 37. Re1 Rd7 38. Rd1 Bf6 39. d6 Ne6 40. Qd5 Bd8 41. g3 h5 42. h4 Bf6 43.
Rb1 Nd8 44. Rc1 Nc6 45. Rxc6 bxc6 46. Qxc6 Rd8 47. d7 Kf8 48. Qxf6 Rxd7 49. Qxa6 Kg7 50. Kg2 Re7 51. Qb6 Re6 52. Qxe6 fxe6 53. a6 1-0

[Event "Late-Titled-Tuesday-Blitz-February-06-2024"]
[Site "Chess.com"]
[Date "2024.02.06"]
[Round "10"]
[White "ATM622"]
[Black "Iuckyducky"]
[Result "1-0"]
[WhiteElo "2443"]
[BlackElo "2270"]
[TimeControl "180+1"]
[EndTime "15:55:16 PST"]
[Termination "ATM622 won by checkmate"]

1. d4 Nf6 2. c4 e6 3. g3 d5 4. Bg2 Be7 5. Nf3 O-O 6. O-O c6 7.
Nbd2 Nbd7 8. Qc2 b6 9. e4 Bb7 10. b3 Rc8 11. Bb2 a6 12. Rac1 c5 13. e5 Ne4 14.
Nxe4 dxe4 15. Nd2 cxd4 16. Bxd4 Nc5 17. Ba1 Bg5 18. Rfd1 e3 19. Nf3 exf2+ 20. Kxf2 Qe7 21. Nxg5 Qxg5 22. Bxb7 Nxb7 23. Qd2 Qf5+ 24. Qf4 Qh5 25. g4 Qh4+ 26. Qg3 Qg5 27. h4 Qg6 28. Kg1 Nc5 29.
Kh2 Rfd8 30. Rd6 Ne4 31. Qf4 Nxd6 32. exd6 Rc6 33. Rd1 h6 34. Bb2 Rd7 35. h5 Qg5 36.
Qxg5 hxg5 37. Ba3 f6 38. Kg3 Kf7 39. Kf3 e5 40. Ke4 Ke6 41. Rh1 b5 42. c5 a5 43. b4 axb4 44. Bxb4 Ra7 45. a3 Ra8 46. h6 gxh6 47. Rxh6 Rg8 48. Rh7 Rf8 49. Re7# 1-0

[Event "Late-Titled-Tuesday-Blitz-February-06-2024"]
[Site "Chess.com"]
[Date "2024.02.06"]
[Round "10"]
[White "martinmena"]
[Black "Jahonas"]
[Result "0-1"]
[WhiteElo "2177"]
[BlackElo "2374"]
[TimeControl "180+1"]
[EndTime "15:55:16 PST"]
[Termination "Jahonas won on time"]

1. c4 e6 2. g3 c5 3. Bg2 Nf6 4. Nc3 Nc6 5. e4 d6 6. Nge2 Bd7 7. O-O a6 8. d3 Qc7 9. f4 Be7 10. h3 h5 11. a3 Rb8 12. Rb1 b5 13. cxb5 axb5 14.
b4 Nd4 15. Be3 Nxe2+ 16. Nxe2 e5 17. Qc2 Rc8 18. Rfc1 c4 19. d4 O-O 20. fxe5 dxe5 21. d5 Ra8 22. Qc3 Bd6 23. Kh2 Ra6 24. Ra1 Rfa8 25. Bf2 Qc8 26. Ng1 Ra4 27. Re1 Qa6 28.
Bc5 Bxc5 29. bxc5 b4 30. Qxe5 Rxa3 31. Rxa3 Qxa3 32. c6 Be8 33. Qd4 c3 34. Qc4 Qb2 35. Re2 Qc1 36. e5 Ra1 37. Nf3 Ng4+ 38. hxg4 hxg4 39.
Re1 Qh6+ 40. Kg1 Rxe1+ 41. Nxe1 Qe3+ 42. Kh2 Qxe1 43. d6 Qd2 44. d7 Bxd7 45. cxd7 Qxd7 46. Qxb4 Qd2 47. Qc4 g6 48. Qc8+ Kg7 49. e6 c2 50.
e7 Qh6+ 51. Kg1 c1=Q+ 52. Qxc1 Qxc1+ 53. Kh2 Qh6+ 54. Kg1 Qe3+ 55. Kh2 Qxe7 56. Bf1 Qe3 57. Bg2 Qf2 58. Kh1 Qxg3 59. Bd5 Qf2 60. Be4 g3 61.
Bf3 f5 62. Bg2 g5 0-1

[Event "Late-Titled-Tuesday-Blitz-February-06-2024"]
[Site "Chess.com"]
[Date "2024.02.06"]
[Round "10"]
[White "bazar-wokzal"]
[Black "malakismayil"]
[Result "1-0"]
[WhiteElo "2637"]
[BlackElo "2485"]
[TimeControl "180+1"]
[EndTime "15:55:17 PST"]
[Termination "bazar-wokzal won by checkmate"]

1. e4 e5 2. Bc4 Nc6 3. f4 d6 4. Nf3 Nf6 5. Nc3 Be7 6. O-O Bg4 7.
d3 O-O 8. h3 Bxf3 9. Qxf3 Nd4 10.
Qf2 a6 11. Be3 c5 12. a4 Rb8 13. a5 Nc6 14. f5 Nxa5 15. Ba2 Nc6 16. g4 Nd7 17. Nd5 Bg5 18. c3 Bxe3 19. Qxe3 Qh4 20. g5 Kh8 21. Kh2 f6 22. Rg1 fxg5 23. Rxg5 Nf6 24. Rag1 Nxd5 25. Bxd5 Qh6 26. Qg3 Ne7 27. Ba2 g6 28. Qg4 Rf6 29. Be6 Rbf8 30. Rg2 b5 31. h4 b4 32. h5 Rxe6 33. fxe6 Rf4 34. Qg3 Qg7 35. hxg6 Nxg6 36. Rxg6 hxg6 37. Qxg6 Rh4+ 38. Kg1 Qxg6 39. Rxg6 Kh7 40. e7 Kxg6 41. e8=Q+ Kg5 42.
Qe7+ Kg4 43. Kg2 Rh5 44. Qe6+ Kg5 45. Qxd6 Kf4 46. Qxc5 Rg5+ 47. Kf2 Rh5 48. Qe3+ Kg4 49. Qg3# 1-0

[Event "Late-Titled-Tuesday-Blitz-February-06-2024"]
[Site "Chess.com"]
[Date "2024.02.06"]
[Round "10"]
[White "Rawnsdale"]
[Black "CarlosjPineror"]
[Result "0-1"]
[WhiteElo "2536"]
[BlackElo "2701"]
[TimeControl "180+1"]
[EndTime "15:55:18 PST"]
[Termination "CarlosjPineror won by checkmate"]

1. e4 c5 2. Nf3 e6 3. d4 cxd4 4.
Nxd4 a6 5. c4 Qc7 6. Nc3 Nf6 7.
Bd3 h5 8. h3 b6 9. Nb3 Bb7 10.
Qe2 d6 11. Bf4 Nbd7 12. O-O Be7 13. Rac1 Rc8 14. Bh2 g5 15. Nd4 Ne5 16. b3 g4 17.
h4 Nfd7 18. Bg3 Ng6 19. f4 Bxh4 20. f5 Bxg3 21. fxg6 Qc5 22. gxf7+ Ke7 23. Qe3 Be5 24. Nce2 Rcf8 25. Kh1 Nf6 26. a3 Rxf7 27. b4 Qc7 28. Qg5 Rg8 29. Qh4 Bc8 30. a4 a5 31. bxa5 bxa5 32.
Nb5 Qc5 33. Nf4 Bxf4 34. Rxf4 Qg5 35. Qxg5 Rxg5 36. Rcf1 e5 37. R4f2 g3 38. Rf3 h4 39.
Nc3 Be6 40. Nd5+ Bxd5 41. cxd5 Rgg7 42. Rb1 Nd7 43. Rxf7+ Rxf7 44. Rb7 Kf6 45. Kg1 Nc5 46. Rxf7+ Kxf7 47. Bc2 Kf6 48. Kf1 Kg5 49. Ke2 Kf4 50.
Kf1 Nxe4 51. Bd1 Nc3 52. Bb3 Ke3 53. Kg1 Kd4 54. Kh1 Nxd5 55. Bc2 Ne3 56. Be4 d5 57.
Bb1 e4 58. Ba2 Nc4 59. Bb3 Nb2 60. Bc2 e3 61. Bb3 e2 62. Bd1 e1=Q# 0-1

[Event "Late-Titled-Tuesday-Blitz-February-06-2024"]
[Site "Chess.com"]
[Date "2024.02.06"]
[Round "10"]
[White "tactic"]
[Black "WPWPWP-2015"]
[Result "1-0"]
[WhiteElo "2660"]
[BlackElo "2494"]
[TimeControl "180+1"]
[EndTime "15:55:23 PST"]
[Termination "tactic won by resignation"]

1. e4 c5 2. c3 e5 3. Bc4 Nf6 4. d3 Be7 5. Nf3 Nc6 6. O-O O-O 7. h3 h6 8. Bb5 d6 9. Na3 Re8 10. Re1 a6 11. Bxc6 bxc6 12. Nc2 Bf8 13. b3 g6 14.
Bb2 Bg7 15. Ne3 Kh7 16. Bc1 d5 17. Qc2 Nh5 18. Nf1 Kg8 19. Ba3 Qb6 20. Ne3 Nf4 21. Bc1 Be6 22. Nf1 Nh5 23. g4 Nf4 24. Bxf4 exf4 25.
e5 g5 26. d4 c4 27. N1d2 cxb3 28. Nxb3 Bf8 29. Rab1 Qc7 30. Kg2 c5 31. h4 Bxg4 32. hxg5 Qd7 33. Rh1 Bf5 34. Qc1 Bxb1 35. Qxf4 Bg6 36.
gxh6 Be7 37. h7+ Kh8 38. dxc5 Qf5 39. Qg3 Rf8 40. Nbd4 Qe4 41. c6 Rac8 42. Re1 Qd3 43. Re3 Qd1 44. e6 Bf6 45. exf7 Bxf7 46. Nf5 Rg8 47.
hxg8=Q+ Rxg8 48. Qxg8+ Kxg8 49. c7 Kh7 50. c8=Q Qc2 51.
Ng3 Kg7 52. Qg4+ Kh7 53. Nf5 Bg6 54. Qh3+ Kg8 55. Nh6+ Kg7 56. Ng4 Be4 57. Qh6+ Kg8 58. Nxf6+ Kf7 59. Nxe4 dxe4 60. Qf4+ Kg7 61. Qxe4 Qxe4 62.
Rxe4 1-0